 Dungeon Crawl Stone Soup version 0.16.0-1-gbc1383b (webtiles) character file.

483 rgaf the Cudgeler (level 6, -3/49 HPs)
             Began as a Demonspawn Skald on Mar 13, 2015.
             Slain by an ice beast (13 damage)
             ... on level 5 of the Dungeon.
             The game lasted 00:07:10 (4285 turns).

rgaf the Cudgeler (Demonspawn Skald)                Turns: 4285, Time: 00:07:10

Health: -3/49      AC: 11    Str: 12    XL:     6   Next: 88%
Magic:  9/10       EV: 10    Int: 16    God:
Gold:   171        SH:  0    Dex: 12    Spells: 1 memorised, 8 levels left

rFire  . . .     SeeInvis .     s - +0 flail
rCold  . . .     Clarity  .     m - +0 ring mail
rNeg   . . .     SustAb   .     (no shield)
rPois  .         Gourm    .     (no helmet)
rElec  .         Spirit   .     (no cloak)
rCorr  .         Warding  .     (no gloves)
rMut   .         Stasis   .     (no boots)
MR     .....                    (no amulet)
Stlth  +.........               (no ring)
                                (no ring)

@: infused, not resistant to hostile enchantments, very unstealthy
A: talons 1, iridescent scales 2, spiny 1
a: no special abilities


You were on level 5 of the Dungeon.
You were very hungry.

You visited 1 branch of the dungeon, and saw 5 of its levels.

You collected 171 gold pieces.

Inventory:

Hand weapons
 a - a +0 mace
 s - a +0 flail (weapon)
 z - a +2 spear of pain
Armour
 b - a +0 leather armour
 j - a +0 buckler
 m - a +0 ring mail (worn)
Jewellery
 n - a cursed -3 ring of evasion {unknown}
Magical devices
 f - a wand of frost (8)
Scrolls
 e - 3 scrolls of remove curse {unknown}
 g - 3 scrolls of identify {unknown}
 h - a scroll of enchant weapon {unknown}
 k - a scroll of amnesia {unknown}
 l - a scroll of teleportation {unknown}
 r - a scroll of enchant armour {unknown}
 u - 2 scrolls of random uselessness {unknown}
 w - a scroll of fear {unknown}
 x - a scroll of noise {unknown}
Potions
 i - a potion of might
 o - a potion of resistance {unknown}
 p - a potion of brilliance {unknown}
 t - 2 potions of ambrosia {unknown}
Books
 c - a book of Battle

   Spells                             Type                      Level
   a - Infusion                       Charms                       1
   b - Shroud of Golubria             Charms/Translocation         2
   c - Song of Slaying                Charms                       2
   d - Spectral Weapon                Hexes/Charms                 3
   e - Regeneration                   Charms/Necromancy            3
 y - a book of Callings

   Spells                             Type                      Level
   a - Summon Small Mammal            Summoning                    1
   b - Call Imp                       Summoning                    2
   c - Call Canine Familiar           Summoning                    3
   d - Summon Guardian Golem          Hexes/Summoning              4
   e - Summon Lightning Spire         Summoning/Air                4
   f - Summon Ice Beast               Ice/Summoning                4
Comestibles
 d - 3 bread rations
 q - 2 beef jerkies
 v - a meat ration


   Skills:
 + Level 4.5 Fighting
 * Level 5.6 Maces & Flails
 - Level 0.8 Armour
 - Level 0.8 Dodging
 - Level 2.0 Spellcasting
 - Level 2.6 Charms


You had 8 spell levels left.
You knew the following spells:

 Your Spells              Type           Power        Failure   Level  Hunger
a - Infusion              Chrm           ##....       17%         1    #......


Dungeon Overview and Level Annotations

Branches:
Dungeon (5/15)
 Temple: D:4-7

Altars:
Ashenzari

Annotations:
D:4 shmup's ghost, average GrBe


Innate Abilities, Weirdness & Mutations

You have sharp toenails.
You are mostly covered in iridescent scales (AC +6).
You are partially covered in sharp spines.


Message History

The ice beast is severely wounded.
The ice beast barely misses you.
The ice beast hits you but does no damage.
You closely miss the ice beast.
The ice beast is severely wounded.
The ice beast hits you but does no damage.
You hit the ice beast.
You claw the ice beast, but do no damage.
The ice beast is almost dead.
The ice beast hits you. The ice beast freezes you!
You hit the ice beast but do no damage.
The ice beast is almost dead.
The ice beast hits you. The ice beast freezes you.
* * * LOW HITPOINT WARNING * * *
You barely miss the ice beast.
The ice beast is almost dead.
The ice beast hits you.
* * * LOW HITPOINT WARNING * * *
The ice beast freezes you!
You die...

.## ... ..
.. #. #.
#.####
#@..#
#Y##.# #.
#.# # .
#.##.###..#
#.
#..[#..(..#
#.
####.####.#
#. #.# #.
### #)# #.
##.## #.#


You could see an ice beast.

Vanquished Creatures
  A water moccasin skeleton (D:4)
  A giant frog skeleton (D:4)
  A hound (D:4)
  2 iguanas (D:4)
  4 worker ants (D:4)
  Robin (D:2)
  8 gnolls (D:4)
  A giant mite (D:4)
  5 worms
  An adder skeleton (D:4)
  4 giant geckos
  5 orcs
  3 giant cockroaches
  13 hobgoblins
  3 ball pythons
  5 bats
  3 giant newts
  19 goblins
  7 jackals
  7 kobolds
  9 rats
103 creatures vanquished.

Notes
Turn   | Place    | Note
--------------------------------------------------------------
     0 | D:1      | rgaf, the Demonspawn Skald, began the quest for the Orb.
     0 | D:1      | Reached XP level 1. HP: 16/16 MP: 3/3
   216 | D:1      | Gained mutation: You are partially covered in iridescent scales (AC +4). [demonic ancestry]
   216 | D:1      | Reached XP level 2. HP: 12/23 MP: 4/4
   739 | D:2      | Gained mutation: You are mostly covered in iridescent scales (AC +6). [demonic ancestry]
   739 | D:2      | Reached XP level 3. HP: 28/28 MP: 0/6
   970 | D:2      | Noticed Robin
   972 | D:2      | Reached skill level 3 in Maces & Flails
  1434 | D:2      | Killed Robin
  1434 | D:2      | Gained mutation: You are partially covered in sharp spines. [demonic ancestry]
  1434 | D:2      | Reached XP level 4. HP: 3/35 MP: 4/7
  3031 | D:4      | Reached skill level 4 in Maces & Flails
  3031 | D:4      | Gained mutation: You have sharp toenails. [demonic ancestry]
  3031 | D:4      | Reached XP level 5. HP: 41/41 MP: 6/9
  3256 | D:4      | Reached XP level 6. HP: 46/48 MP: 10/10
  3283 | D:4      | Noticed shmup's ghost (average GrBe)
  3474 | D:4      | Reached skill level 5 in Maces & Flails
  3486 | D:4      | Found a shattered altar of Ashenzari.
  4245 | D:5      | Entered Level 5 of the Dungeon
  4285 | D:5      | Slain by an ice beast

Action                   |  1- 3 |  4- 6 || total
-------------------------+-------+-------++-------
Melee: Mace              |   112 |    64 ||   176
       Flail             |       |   124 ||   124
 Cast: Infusion          |     5 |     8 ||    13
  Use: Potion            |     3 |       ||     3
 Stab: Invisible         |     2 |     1 ||     3
  Eat: Chunk             |     1 |     3 ||     4
       Meat ration       |       |     1 ||     1
       Pizza             |       |     1 ||     1
